NYP
CHICAGO (NYP) WHITE SOX @ LOWELL SPINNERS
08/26/2048
 
TOP OF THE 1ST
Chicago (NYP) White Sox batting - Pitching for Lowell Spinners : RHP Danny Marquez
Pitching: RHP Danny Marquez
Batting: RHB Kunimatsu Oya 0-0: Ball
1-0: Ground out U3 (Groundball, 3, EV 95.0 MPH)
Batting: SHB Andres Agudo 0-0: Ball
1-0: Ball
2-0: Ball
3-0: Base on Balls
Batting: SHB Veit Geisler Balk!
Andres Agudo to second
0-0: Ball
1-0: Ball
2-0: Foul Ball, location: 2F
2-1: Ball
3-1: Base on Balls
Batting: RHB Tony Garcia 0-0: Ball
Wild Pitch!
Andres Agudo to third
Veit Geisler to second
1-0: Swinging Strike
1-1: Swinging Strike
1-2: Strikes out swinging
Batting: SHB Manny Berrones 0-0: Ball
1-0: Fly out, F7 (Flyball, 7, EV 85.6 MPH)
Top of the 1st over - 0 runs, 0 hits, 0 errors, 2 left on base; Chicago (NYP) 0 - Lowell 0
BOTTOM OF THE 1ST
Lowell Spinners batting - Pitching for Chicago (NYP) White Sox : LHP Bobby Dahlgren
Pitching: LHP Bobby Dahlgren
Batting: RHB Aukukero Tairi 0-0: Ball
1-0: Ball
2-0: Swinging Strike
2-1: Ball
3-1: Foul Ball, location: 2F
3-2: Foul Ball, location: 2F
3-2: Foul Ball, location: 2F
3-2: Strikes out swinging
Batting: RHB Matt Parker 0-0: SINGLE (Groundball, 34D, EV 95.0 MPH)
Batting: SHB Salvador Padilla 0-0: Called Strike
0-1: Fly out, F7 (Line Drive, 7, EV 104.4 MPH)
Batting: RHB Dominique Paolozzi 0-0: Called Strike
Pickoff Throw to First - Error! E1
Matt Parker to second
0-1: Swinging Strike
0-2: Ball
1-2: Ball
2-2: SINGLE (Flyball, 6D, EV 81.9 MPH)
Matt Parker to third
Runner from 3rd tries for Home, throw by CF and OUT! 8-2
Bottom of the 1st over - 0 runs, 2 hits, 1 error, 1 left on base; Chicago (NYP) 0 - Lowell 0
TOP OF THE 2ND
Chicago (NYP) White Sox batting - Pitching for Lowell Spinners : RHP Danny Marquez
Batting: RHB Tyrell Camp 0-0: Ground out 6-3 (Groundball, 6, EV 86.9 MPH)
Batting: SHB Noah Long 0-0: Ball
1-0: Fly out, F8 (Flyball, 8LD, EV 93.1 MPH)
Batting: RHB Yorkis Saiki 0-0: Ball
1-0: Foul Ball, location: 2F
1-1: Ball
2-1: Ground out 4-3 (Groundball, 4, EV 78.1 MPH)
Top of the 2nd over - 0 runs, 0 hits, 0 errors, 0 left on base; Chicago (NYP) 0 - Lowell 0
BOTTOM OF THE 2ND
Lowell Spinners batting - Pitching for Chicago (NYP) White Sox : LHP Bobby Dahlgren
Batting: RHB Willie Camacho 0-0: Ground out 6-3 (Groundball, 6, EV 83.8 MPH)
Batting: RHB Mike Strey 0-0: Foul Ball, location: 2F
0-1: Swinging Strike
0-2: Ball
1-2: Ground out 5-3 (Groundball, 56, EV 107.5 MPH)
Batting: RHB Jose Molina 0-0: Foul Ball, location: 2F
0-1: Reached on error, E5 (Groundball, 5S, EV 65.6 MPH)
Batting: LHB Robert Gonzalez 0-0: Ball
1-0: Ball
2-0: Swinging Strike
2-1: Foul Ball, location: 2F
2-2: SINGLE (Groundball, 4D, EV 106.2 MPH)
Jose Molina to second
Runner from 2nd tries for 3rd, OUT! 9-5
Bottom of the 2nd over - 0 runs, 1 hit, 1 error, 1 left on base; Chicago (NYP) 0 - Lowell 0
TOP OF THE 3RD
Chicago (NYP) White Sox batting - Pitching for Lowell Spinners : RHP Danny Marquez
Batting: LHB Steve Roepke 0-0: Ground out U3 (Groundball, 3, EV 92.5 MPH)
Batting: RHB Kunimatsu Oya 0-0: Ball
1-0: Reached on error, E4 (Groundball, 4, EV 106.9 MPH)
Batting: SHB Andres Agudo 0-0: Called Strike
0-1: Called Strike
0-2: Ball
1-2: Foul Ball, location: 2F
1-2: Strikes out swinging
Batting: SHB Veit Geisler 0-0: Called Strike
0-1: Foul Ball, location: 2F
0-2: Strikes out swinging
Top of the 3rd over - 0 runs, 0 hits, 1 error, 1 left on base; Chicago (NYP) 0 - Lowell 0
BOTTOM OF THE 3RD
Lowell Spinners batting - Pitching for Chicago (NYP) White Sox : LHP Bobby Dahlgren
Batting: RHB Rogelio Cervantes 0-0: Ball
1-0: Ball
2-0: Ball
3-0: Foul Ball, location: 2F
3-1: Base on Balls
Batting: RHB Aukukero Tairi 0-0: Called Strike
0-1: Fly out, F8 (Flyball, 8LD, EV 91.2 MPH)
Runner from 1st tags up, SAFE at 2nd
Batting: RHB Matt Parker 0-0: Called Strike
0-1: Ball
1-1: Ball
2-1: Foul Ball, location: 2F
2-2: Strikes out swinging
Batting: SHB Salvador Padilla 0-0: Called Strike
0-1: Ball
1-1: Swinging Strike
1-2: Strikes out swinging
Bottom of the 3rd over - 0 runs, 0 hits, 0 errors, 1 left on base; Chicago (NYP) 0 - Lowell 0
TOP OF THE 4TH
Chicago (NYP) White Sox batting - Pitching for Lowell Spinners : RHP Danny Marquez
Batting: RHB Tony Garcia 0-0: Called Strike
0-1: Ground out 1-3 (Groundball, 15, EV 67.5 MPH)
Batting: SHB Manny Berrones 0-0: Fly out, F8 (Flyball, 8RD, EV 95.0 MPH)
Batting: RHB Tyrell Camp 0-0: Ball
1-0: SOLO HOME RUN (Flyball, 7D, EV 98.8 MPH), Distance : 382 ft
Batting: SHB Noah Long 0-0: Ball
1-0: Called Strike
1-1: Called Strike
1-2: Strikes out swinging
Top of the 4th over - 1 run, 1 hit, 0 errors, 0 left on base; Chicago (NYP) 1 - Lowell 0
BOTTOM OF THE 4TH
Lowell Spinners batting - Pitching for Chicago (NYP) White Sox : LHP Bobby Dahlgren
Batting: RHB Dominique Paolozzi 0-0: Ball
1-0: Ground out 6-3 (Groundball, 6, EV 87.5 MPH)
Batting: RHB Willie Camacho 0-0: Ball
1-0: Called Strike
1-1: Foul Ball, location: 2F
1-2: Foul Ball, location: 2F
1-2: Ball
2-2: Ball
3-2: SINGLE (Groundball, 4MD, EV 95.0 MPH)
Batting: RHB Mike Strey 0-0: Ball
1-0: Fielders Choice at 2nd, 6-4 (Groundball, 56, EV 106.2 MPH)
Batting: RHB Jose Molina 0-0: Called Strike
0-1: Ball
1-1: Foul Ball, location: 2F
1-2: Ball
2-2: SINGLE (Groundball, 4MD, EV 96.2 MPH)
Mike Strey to second
Batting: LHB Robert Gonzalez 0-0: Called Strike
0-1: Called Strike
0-2: Ball
1-2: DOUBLE (Line Drive, 8LD, EV 110.6 MPH)
Mike Strey scores
Jose Molina to third
Runner from 3rd tries for Home, SAFE, throw by CF to home
Batting: RHB Rogelio Cervantes 0-0: Called Strike
0-1: Swinging Strike
0-2: Ball
1-2: Strikes out looking
Bottom of the 4th over - 2 runs, 3 hits, 0 errors, 1 left on base; Chicago (NYP) 1 - Lowell 2
TOP OF THE 5TH
Chicago (NYP) White Sox batting - Pitching for Lowell Spinners : RHP Danny Marquez
Batting: RHB Yorkis Saiki 0-0: Called Strike
0-1: Ball
1-1: Ball
2-1: Ball
3-1: Foul Ball, location: 2F
3-2: Base on Balls
Batting: LHB Steve Roepke 0-0: Called Strike
0-1: Called Strike
0-2: Ball
Wild Pitch!
Yorkis Saiki to second
1-2: Fly out, F7 (Line Drive, 7, EV 91.2 MPH)
Batting: RHB Kunimatsu Oya 0-0: Ball
1-0: Ground out U3 (Groundball, 34, EV 81.2 MPH)
Yorkis Saiki to third
Batting: SHB Andres Agudo 0-0: Ball
1-0: Called Strike
1-1: Ball
2-1: Swinging Strike
2-2: Strikes out looking
Top of the 5th over - 0 runs, 0 hits, 0 errors, 1 left on base; Chicago (NYP) 1 - Lowell 2
BOTTOM OF THE 5TH
Lowell Spinners batting - Pitching for Chicago (NYP) White Sox : LHP Bobby Dahlgren
Batting: RHB Aukukero Tairi 0-0: Ball
1-0: Called Strike
1-1: Called Strike
1-2: Ground out 6-3 (Groundball, 6S, EV 85.0 MPH)
Batting: RHB Matt Parker 0-0: Ball
1-0: Ground out 4-3 (Groundball, 4M, EV 91.2 MPH)
Batting: SHB Salvador Padilla 0-0: Called Strike
0-1: Fly out, F9 (Flyball, 9D, EV 95.0 MPH)
Bottom of the 5th over - 0 runs, 0 hits, 0 errors, 0 left on base; Chicago (NYP) 1 - Lowell 2
TOP OF THE 6TH
Chicago (NYP) White Sox batting - Pitching for Lowell Spinners : RHP Danny Marquez
Batting: SHB Veit Geisler 0-0: Ball
1-0: Ball
2-0: Ball
3-0: Base on Balls
Batting: RHB Tony Garcia 0-0: Ball
1-0: Foul Ball, location: 2F
1-1: Ball
2-1: Swinging Strike
2-2: Foul Ball, location: 2F
2-2: 2-RUN HOME RUN (Line Drive, 78XD, EV 101.9 MPH), Distance : 414 ft
Batting: SHB Manny Berrones 0-0: Ball
1-0: Ground out 4-3 (Groundball, 4, EV 80.0 MPH)
Batting: RHB Tyrell Camp 0-0: Ball
1-0: SINGLE (Line Drive, 4MD, EV 104.4 MPH)
Batting: SHB Noah Long 0-0: Ball
1-0: Called Strike
1-1: Fly out, F9 (Flyball, 89M, EV 86.2 MPH)
Batting: RHB Yorkis Saiki 0-0: Called Strike
0-1: Swinging Strike
0-2: Ball
1-2: Strikes out swinging
Top of the 6th over - 2 runs, 2 hits, 0 errors, 1 left on base; Chicago (NYP) 3 - Lowell 2
BOTTOM OF THE 6TH
Lowell Spinners batting - Pitching for Chicago (NYP) White Sox : LHP Bobby Dahlgren
Batting: RHB Dominique Paolozzi 0-0: Called Strike
0-1: Foul Ball, location: 2F
0-2: Strikes out swinging
Batting: RHB Willie Camacho 0-0: Swinging Strike
0-1: Ball
1-1: Ball
2-1: Swinging Strike
2-2: Ball
3-2: Ground out 6-3 (Groundball, 56, EV 85.0 MPH)
Batting: RHB Mike Strey 0-0: Ball
1-0: Ball
2-0: Called Strike
2-1: Ground out 1-3 (Groundball, 15, EV 62.5 MPH)
Bottom of the 6th over - 0 runs, 0 hits, 0 errors, 0 left on base; Chicago (NYP) 3 - Lowell 2
TOP OF THE 7TH
Chicago (NYP) White Sox batting - Pitching for Lowell Spinners : RHP Danny Marquez
Batting: LHB Steve Roepke 0-0: Foul Ball, location: 2F
0-1: Called Strike
0-2: Ball
1-2: Strikes out swinging
Pitching: RHP Armando Berrios
Batting: RHB Kunimatsu Oya 0-0: Called Strike
0-1: Ball
1-1: Foul Ball, location: 2F
1-2: Ball
2-2: Strikes out looking
Batting: SHB Andres Agudo 0-0: Called Strike
0-1: Called Strike
0-2: Ball
1-2: Ball
2-2: Ball
3-2: Ground out 5-3 (Groundball, 5, EV 91.2 MPH)
Top of the 7th over - 0 runs, 0 hits, 0 errors, 0 left on base; Chicago (NYP) 3 - Lowell 2
BOTTOM OF THE 7TH
Lowell Spinners batting - Pitching for Chicago (NYP) White Sox : LHP Bobby Dahlgren
Batting: RHB Jose Molina 0-0: Called Strike
0-1: SINGLE (Flyball, 6D, EV 93.1 MPH)
Pinch Hitting: RHB Curt Stallings 0-0: Bunt missed!
0-1: Bunt missed!
0-2: Ball
1-2: Foul Ball, location: 2F
1-2: Ball
2-2: Ball
3-2: Fielders Choice at 2nd, 1-4 (Groundball, 15S, EV 63.1 MPH)
Batting: RHB Rogelio Cervantes 0-0: Called Strike
0-1: Fielders Choice at 2nd, 4-6 (Groundball, 34, EV 103.1 MPH)
Batting: RHB Aukukero Tairi 0-0: Ball
1-0: Ball
Rogelio Cervantes is caught stealing 2nd base 2-4
Bottom of the 7th over - 0 runs, 1 hit, 0 errors, 0 left on base; Chicago (NYP) 3 - Lowell 2
TOP OF THE 8TH
Chicago (NYP) White Sox batting - Pitching for Lowell Spinners : RHP Armando Berrios
Now in RF: Curt Stallings
Batting: SHB Veit Geisler 0-0: Called Strike
0-1: Foul Ball, location: 2F
0-2: Strikes out swinging
Batting: RHB Tony Garcia 0-0: Ball
1-0: Ball
2-0: Ball
3-0: Called Strike
3-1: Swinging Strike
3-2: DOUBLE (Line Drive, 78D, EV 88.8 MPH)
Batting: SHB Manny Berrones 0-0: Ball
1-0: Called Strike
1-1: Called Strike
1-2: Ball
2-2: Ball
3-2: Strikes out swinging
Batting: RHB Tyrell Camp 0-0: Ball
1-0: Ball
2-0: Ball
3-0: Called Strike
3-1: Base on Balls
Pitching: RHP Tyler Tomblin
Batting: SHB Noah Long 0-0: Foul Ball, location: 2F
0-1: Ground out U3 (Groundball, 3, EV 86.2 MPH)
Top of the 8th over - 0 runs, 1 hit, 0 errors, 2 left on base; Chicago (NYP) 3 - Lowell 2
BOTTOM OF THE 8TH
Lowell Spinners batting - Pitching for Chicago (NYP) White Sox : LHP Bobby Dahlgren
Batting: RHB Aukukero Tairi 0-0: Ball
1-0: Called Strike
1-1: Ball
2-1: Ball
3-1: Ground out U3 (Groundball, 3L, EV 83.8 MPH)
Pitching: LHP Matt Schwartz
Batting: RHB Matt Parker 0-0: Foul Ball, location: 2F
0-1: Ball
1-1: Ball
2-1: Swinging Strike
2-2: Strikes out swinging
Batting: SHB Salvador Padilla 0-0: Called Strike
0-1: Called Strike
0-2: Foul Ball, location: 2F
0-2: Ball
1-2: Ball
2-2: Ball
3-2: Foul Ball, location: 2F
3-2: Base on Balls
Batting: RHB Dominique Paolozzi 0-0: Ground out 6-3 (Groundball, 56S, EV 69.4 MPH)
Bottom of the 8th over - 0 runs, 0 hits, 0 errors, 1 left on base; Chicago (NYP) 3 - Lowell 2
TOP OF THE 9TH
Chicago (NYP) White Sox batting - Pitching for Lowell Spinners : RHP Tyler Tomblin
Batting: RHB Yorkis Saiki 0-0: Ball
1-0: Ball
2-0: Ground out 5-3 (Groundball, 5, EV 84.4 MPH)
Batting: LHB Steve Roepke 0-0: Ball
1-0: Ball
2-0: Ball
3-0: Called Strike
3-1: DOUBLE (Line Drive, 9LM, EV 100.0 MPH)
Batting: RHB Kunimatsu Oya 0-0: Ball
1-0: Ball
2-0: Ground out 4-3 (Groundball, 4MD, EV 101.2 MPH)
Steve Roepke to third
Batting: SHB Andres Agudo 0-0: Ball
1-0: Swinging Strike
1-1: Ground out 4-3 (Groundball, 4, EV 103.8 MPH)
Top of the 9th over - 0 runs, 1 hit, 0 errors, 1 left on base; Chicago (NYP) 3 - Lowell 2
BOTTOM OF THE 9TH
Lowell Spinners batting - Pitching for Chicago (NYP) White Sox : LHP Matt Schwartz
Now in LF: Steve Roepke
Now in RF: Bastiaan Leenders
Batting: RHB Willie Camacho 0-0: Called Strike
0-1: Swinging Strike
0-2: Ball
1-2: Ground out 6-3 (Groundball, 56, EV 81.9 MPH)
Batting: RHB Mike Strey 0-0: Called Strike
0-1: Ground out 6-3 (Groundball, 56, EV 90.6 MPH)
Batting: RHB Jose Molina 0-0: Called Strike
0-1: Ball
1-1: Fly out, F8 (Flyball, 8RXD, EV 105.0 MPH)
Bottom of the 9th over - 0 runs, 0 hits, 0 errors, 0 left on base; Chicago (NYP) 3 - Lowell 2
Tuesday, March 28th , 2023 - OOTP Baseball 23.10 Build 110